AoeStats
← FATBOY [IM NOT RACIST ANYMORE

Pilgrims

507670535Analyzed
4v4 RM · 14d ago on Sep 19, 2026· 54m 14s· 8 players
Game mode
Random Map
Map size
Large (8 player)
Population
200
Speed
Normal
Resources
Standard
Victory
Conquest
Starting age
Dark Age
Ending age
Imperial Age
RankedLock teamsTeams togetherTeam positionsShared explorationLock speedFull tech treeHidden civsTurbo modeCheats
Victory
Defeat
🇯🇵 Malay · Japan
1404
+13
🇮🇳 Huns · India
1399
+14
🇻🇳 Vikings · Vietnam
1384
+14
🇨🇳 Saracens · China
1349
+16
🇨🇴 Persians · Colombia
1394
-16
🇺🇸 Britons · United States
1362
-15
🇺🇸 Wu · United States
1346
-14
🇨🇴 Koreans · Colombia
1285
-12
平原君
3:10 Loom
12:28 Feudal Age
13:11 Double-Bit Axe
18:02 Castle Age
18:26 Bow Saw
20:31 Fletching
23:15 Fishing Lines
24:06 Horse Collar
24:25 Gillnets
27:31 Wheelbarrow
28:32 Hand Cart
28:03 Town Watch
30:14 Gold Mining
30:14 Stone Mining
35:03 Imperial Age
33:26 Forging
33:20 Squires
33:10 Arson
36:02 Iron Casting
35:28 Elite Karambit Warrior
37:11 Conscription
37:43 Thalassocracy
44:36 Gold Shaft Mining
44:37 Stone Shaft Mining
47:16 Blast Furnace
46:24 Town Patrol
48:02 Forced Levy
47:23 Man-at-Arms
50:30 Long Swordsman
52:10 Capped Ram
53:15 Treadmill Crane
53:46 Masonry
53:42 Siege Engineers
53:58 Ballistics
54:39 Chemistry
53:30 Heated Shot
53:31 Guard Tower
53:47 Siphons
54:02 Shipwright
53:40 Bodkin Arrow
53:45 Padded Archer Armor
53:51 Scale Barding Armor
53:51 Heavy Plow
Chut Pro
5:12 Loom
11:41 Feudal Age
16:56 Castle Age
15:48 Fletching
15:47 Double-Bit Axe
19:30 Pikeman
23:38 Padded Archer Armor
29:52 Bodkin Arrow
31:54 Leather Archer Armor
32:22 Gold Mining
34:32 Elite Skirmisher
40:41 Imperial Age
38:26 Fishing Lines
39:58 Bow Saw
39:30 Horse Collar
39:49 Gillnets
40:30 Town Watch
40:48 Heavy Plow
40:48 Elite Longship
41:32 Bracer
42:51 Ring Archer Armor
43:46 Chemistry
43:06 Ballistics
47:35 Man-at-Arms
48:00 Gambesons
48:16 Squires
48:17 Scale Mail Armor
48:28 Forging
48:50 Long Swordsman
49:46 Chain Mail Armor
49:37 Scale Barding Armor
49:58 Conscription
49:54 Bogsveigar
50:01 Two-Handed Swordsman
51:18 Iron Casting
51:14 Plate Mail Armor
52:50 Two-Man Saw
52:22 Crop Rotation
51:45 Stone Mining
52:31 Gold Shaft Mining
51:19 Champion
51:45 Arson
51:36 Sappers
ahjol
5:40 Loom
15:33 Feudal Age
16:03 Town Watch
16:33 Double-Bit Axe
31:12 Castle Age
29:15 Gold Mining
31:42 Forging
31:37 Scale Barding Armor
32:20 Bow Saw
36:26 Imperial Age
42:22 Conscription
45:10 Treadmill Crane
46:00 Masonry
49:22 Wheelbarrow
51:22 Counterweights
52:10 Ballistics
snek_fan
10:27 Feudal Age
13:45 Loom
13:50 Double-Bit Axe
18:10 Castle Age
23:25 Wheelbarrow
22:37 Town Watch
23:25 Fletching
26:18 Bodkin Arrow
27:23 Bloodlines
27:13 Husbandry
29:30 Thumb Ring
28:49 Light Cavalry
46:28 Fishing Lines
48:37 Hand Cart
50:08 Thumb Ring
51:06 Horse Collar
51:38 Bow Saw
54:04 Imperial Age
52:09 Gillnets
52:54 Gold Mining
FATBOY [IM NOT RACIST ANYMORE
3:43 Loom
10:05 Feudal Age
10:55 Town Watch
13:04 Double-Bit Axe
15:13 Fletching
20:53 Castle Age
22:02 Wheelbarrow
22:09 Medium Warships
21:55 Bodkin Arrow
24:01 Demolition Ship
25:15 Fishing Lines
27:43 Hand Cart
30:12 Clinker Construction
30:14 Gillnets
33:28 Ballistics
33:18 Masonry
33:28 Ballistics
33:18 Masonry
37:37 Imperial Age
37:46 Padded Archer Armor
39:32 Elite Fire Archer
41:22 Bracer
42:27 Chemistry
41:37 Masonry
42:27 Chemistry
41:37 Masonry
43:07 Conscription
42:48 Sitting Tiger
43:20 Red Cliffs Tactics
45:14 Leather Archer Armor
45:32 Bow Saw
51:41 Scale Barding Armor
51:47 Forging
51:42 Scale Barding Armor
51:47 Forging
51:10 Heavy Hei Guang Cavalry
51:50 Husbandry
51:10 Heavy Hei Guang Cavalry
51:44 Heavy Hei Guang Cavalry
53:03 Husbandry
.Bast
10:43 Feudal Age
15:29 Castle Age
14:22 Fletching
18:04 Bodkin Arrow
17:36 Crossbowman
25:32 Man-at-Arms
27:17 Wheelbarrow
26:57 Loom
26:57 Town Watch
30:07 Imperial Age
29:37 Padded Archer Armor
30:34 Ballistics
31:23 Bracer
33:33 Scale Mail Armor
34:51 Leather Archer Armor
Dadagama
5:50 Loom
16:26 Feudal Age
Bohemio_Antisemilla
9:13 Loom
12:34 Feudal Age
14:54 Town Watch
16:38 Double-Bit Axe
16:36 Horse Collar
19:30 Castle Age
17:49 Stone Mining
17:53 Gold Mining
26:54 Squires
Connection lost

Rejoining the realm…

Still unreachable

The connection could not be restored.

Session expired

The server has moved on; the page needs a fresh start.